 Dungeon Crawl Stone Soup version 0.20-a0-9-g62d82d9 (webtiles) character file.

8649 JeffiDaFish the Blocker (level 11, -3/67 HPs)
             Began as a Gargoyle Fighter on Nov 1, 2016.
             Was a Follower of Makhleb.
             Slain by an efreet
             ... wielding a +1 scimitar of flaming
              (9 damage)
             ... on level 1 of the Abyss.
             The game lasted 00:48:05 (10110 turns).

JeffiDaFish the Blocker (Gargoyle Fighter)         Turns: 10110, Time: 00:48:07

Health: -3/67      AC: 24    Str: 27    XL:     11   Next: 34%
Magic:  11/11      EV:  8    Int: 12    God:    Makhleb [*.....]
Gold:   487        SH: 12    Dex:  3    Spells: 0 memorised, 10 levels left

rFire  + + .     SeeInvis +     x - +6 rapier of Eternal Night {pierce, rN+ Dex-4 SInv Stlth+}
rCold  . . .     Gourm    +     h - +1 chain mail {rF+}
rNeg   + + +     Faith    .     c - +0 shield
rPois  ∞         Spirit   .     C - +0 helmet
rElec  +         Reflect  .     B - +0 cloak {+Inv}
rCorr  .         Harm     .     (no gloves)
MR     ++...                    y - +1 pair of boots of the Big Bang {rN+}
Stlth  ..........               s - amulet of the gourmand
                                u - ring of protection from fire
                                n - ring of Maur Aviuh {rPois MR++ Str+4 Int+3}

@: no status effects
A: big wings, clumsy 1, negative energy resistance 1, electricity resistance,
unbreathing, petrification resistance, no device heal 1, rot immunity, AC +7
a: Fly, Renounce Religion, Evoke Invisibility


You were on level 1 of the Abyss.
You worshipped Makhleb.
Makhleb was aware of your devotion.
You were very full.

You visited 3 branches of the dungeon, and saw 10 of its levels.
You visited the Abyss 1 time.
You also visited: Ossuary.

You collected 487 gold pieces.

Inventory:

Hand Weapons
 a - a +1 rapier
 x - the +6 rapier of Eternal Night (weapon) {pierce, rN+ Dex-4 SInv Stlth+}
   (You acquired it on level 8 of the Dungeon)

   It inflicts extra damage upon your enemies.
   It affects your dexterity (-4).
   It protects you from negative energy.
   It lets you see invisible.
   It makes you more stealthy.
Armour
 c - a +0 shield (worn)
 h - a +1 chain mail of fire resistance (worn)
 y - the +1 pair of boots of the Big Bang (worn) {rN+}
   (You found it on level 7 of the Dungeon)

   It protects you from negative energy.
 B - a +0 cloak of invisibility (worn)
 C - a +0 helmet (worn)
Jewellery
 e - an uncursed ring of ice
 n - the ring of Maur Aviuh (left hand) {rPois MR++ Str+4 Int+3}
   (You took it off an orc warrior on level 6 of the Dungeon)

   [ring of intelligence]

   It affects your strength (+4).
   It affects your intelligence (+3).
   It protects you from poison.
   It affects your resistance to hostile enchantments.
 s - an amulet of the gourmand (around neck)
 u - a ring of protection from fire (right hand)
Wands
 o - a wand of heal wounds (1/9)
 w - a wand of enslavement (9/24)
Scrolls
 b - 3 scrolls of teleportation
 d - a scroll of blinking
 g - 5 scrolls of amnesia
 i - a scroll of fear
 k - 6 scrolls of identify
 l - 5 scrolls of remove curse
 t - 2 scrolls of magic mapping
 v - 2 scrolls of recharging
 E - a scroll of immolation {unknown}
Potions
 q - a potion of magic
 r - a potion of brilliance
 z - 2 potions of cancellation
Comestibles
 f - 5 bread rations
 j - 3 meat rations
 m - 2 beef jerkies
 D - a slice of pizza


   Skills:
 + Level 7.6 Fighting
 + Level 10.0 Short Blades
 + Level 8.4 Armour
 + Level 2.7 Dodging
 + Level 0.8 Stealth
 + Level 10.5 Shields


You had 10 spell levels left.
You didn't know any spells.

Dungeon Overview and Level Annotations

Branches:
Dungeon (8/15)             Temple (1/1) D:5            Lair (1/6) D:8

Altars:
Ashenzari
Cheibriados
Dithmenos
Elyvilon
Fedhas
Gozag
Kikubaaqudgha
Makhleb
Nemelex Xobeh
Okawaru
Qazlal
Ru
Sif Muna
Trog
Uskayaw
Vehumet
Xom
Zin
The Shining One

Annotations:
Lair:1 Sonja


Innate Abilities, Weirdness & Mutations

You are resistant to torment.
Your stone body is resilient. (AC +7)
You are immune to poison.
You resist negative energy. (rN+)
You are resistant to electric shocks. (rElec)
You can survive without breathing.
You are immune to petrification.
You are immune to rotting.
Your large and strong wings let you fly indefinitely.
You are clumsy. (Dex -2)
Potions and wands are less effective at restoring your health.


Message History

A tentacle flies out from the starspawn's body!
An efreet and a starspawn tentacle come into view.
The efreet is wielding a scimitar of flaming.
You puncture the tentacled starspawn!
The tentacled starspawn is lightly damaged.
You block the starspawn tentacle's attack.
The tentacled starspawn bites you!
* * * LOW HITPOINT WARNING * * *
The tentacled starspawn engulfs you.
* * * LOW HITPOINT WARNING * * *
You hit the tentacled starspawn.
The tentacled starspawn is lightly damaged.
You block the starspawn tentacle's attack.
You hit the tentacled starspawn but do no damage.
The tentacled starspawn is lightly damaged.
The tentacled starspawn bites you but does no damage.
The tentacled starspawn engulfs you but does no damage.
The white draconian zealot mumbles some strange prayers to its god.
The efreet hits you with a scimitar of flaming!
You die...

. .#. ..# .# #
... ..... . #...
.. ......## ..#..
...
........#####....
. .#
......##....# #
.. #....#4.##
..####.§4.q....
## #. #..#R.#.##.
.... #....@.#. .
. ......####wX..#
# . ##..###.
##..#.... # # #
.#.#### . . .
###.. . . .#. # .
. # . # .# # .
... . #


You could see a tentacled starspawn, a white draconian zealot, a hellwing, a
rust devil, an efreet and a starspawn tentacle.

Vanquished Creatures
  A hydra (Lair:1)
  Pikel (D:4)
  A large abomination (Abyss:1)
  A komodo dragon (Lair:1)
  A two-headed ogre (D:8)
  Prince Ribbit (D:8)
  Sigmund (D:3)
  The ghost of mamga the Quickloader, an amateur KoAM (D:4)
  4 yaks (Lair:1)
  A basilisk (Abyss:1)
  2 water moccasins
  A slave (D:4)
  A porcupine (Lair:1)
  3 black bears
  4 orc warriors
  An eye of draining (D:8)
  A necrophage (D:7)
  2 ogres
  A phantom (D:7)
  6 wolves (Lair:1)
  3 centaurs
  A big kobold (D:8)
  7 bullfrogs
  13 scorpions
  11 wights
  2 howler monkeys (D:7)
  7 crimson imps
  A bullfrog zombie (D:5)
  3 jellies
  A centaur zombie (Ossuary)
  A human zombie (Ossuary)
  3 hounds
  12 orc wizards
  9 orc priests
  A bullfrog skeleton (D:4)
  2 iguanas
  5 worker ants
  3 big kobold zombies (Ossuary)
  A hound skeleton (D:6)
  2 mummies (Ossuary)
  8 adders
  5 scorpion zombies (Ossuary)
  2 dart slugs
  7 leopard geckos
  52 orcs
  A ball python (D:3)
  3 giant cockroaches
  6 goblins
  5 hobgoblins
  7 jackals
  2 quokkas
  A ball python zombie (D:5)
  7 bats
  5 frilled lizards
  A gnoll zombie (Ossuary)
  2 hobgoblin zombies (Ossuary)
  A jackal skeleton (D:8)
  A jackal zombie (D:6)
  7 kobolds
  2 orc zombies (Ossuary)
  3 rats
251 creatures vanquished.

Vanquished Creatures (others)
  A sky beast (D:8)
  An iguana (D:4)
  An orc wizard (D:7)
  A mummy (Ossuary)
  A frilled lizard (D:4)
  A hobgoblin zombie (Ossuary)
  A jackal skeleton (D:4)
  An orc zombie (Ossuary)
  2 starspawn tentacles (Abyss:1)
10 creatures vanquished.

Grand Total: 261 creatures vanquished

Notes
Turn   | Place    | Note
-------+----------+-------------------------------------------
     0 | D:1      | JeffiDaFish the Gargoyle Fighter began the quest for the Orb.
     0 | D:1      | Reached XP level 1. HP: 14/14 MP: 1/1
   211 | D:1      | Reached XP level 2. HP: 19/19 MP: 2/2
   694 | D:2      | Reached XP level 3. HP: 19/24 MP: 3/3
   904 | D:2      | Found a hide-covered altar of Uskayaw.
   904 | D:2      | Found a blossoming altar of Fedhas.
   909 | D:2      | Found a faded altar of an unknown god.
   911 | D:2      | Found a glowing silver altar of Zin.
   913 | D:2      | Found a glowing golden altar of the Shining One.
  1349 | D:3      | Reached XP level 4. HP: 21/29 MP: 4/4
  1754 | D:3      | Reached XP level 5. HP: 9/33 MP: 5/5
  2023 | D:3      | Noticed Sigmund
  2032 | D:3      | Killed Sigmund
  2032 | D:3      | Reached skill level 5 in Shields
  2032 | D:3      | Reached XP level 6. HP: 32/38 MP: 6/6
  2180 | D:3      | Found a faded altar of an unknown god.
  2239 | D:3      | Found an ancient bone altar of Kikubaaqudgha.
  2700 | D:4      | Noticed mamga's ghost (amateur KoAM)
  2706 | D:4      | Killed mamga's ghost
  2706 | D:4      | Reached skill level 1 in Dodging
  2706 | D:4      | Reached XP level 7. HP: 42/44 MP: 7/7
  3032 | D:4      | Found a sand-covered staircase.
  3038 | Ossuary  | Entered an ossuary
  3113 | Ossuary  | Reached skill level 5 in Short Blades
  3278 | Ossuary  | Reached XP level 8. HP: 48/48 MP: 8/8
  3337 | Ossuary  | Reached skill level 5 in Armour
  3641 | Ossuary  | Reached skill level 5 in Fighting
  4002 | Ossuary  | Upgraded the game from 0.20-a0-4-gd166d5d to 0.20-a0-9-g62d82d9
  4243 | D:4      | Found a white marble altar of Elyvilon.
  4291 | D:4      | Noticed Pikel
  4335 | D:4      | Killed Pikel
  4335 | D:4      | Reached XP level 9. HP: 33/54 MP: 9/9
  4976 | D:5      | Entered Level 5 of the Dungeon
  5098 | D:5      | Found a staircase to the Ecumenical Temple.
  5108 | Temple   | Entered the Ecumenical Temple
  6247 | D:6      | Got a fine golden ring
  6878 | D:7      | Reached XP level 10. HP: 36/60 MP: 10/10
  7042 | D:7      | Gained mutation: Potions and wands are less effective at restoring your health. [potion of mutation]
  7042 | D:7      | Gained mutation: You are clumsy. (Dex -2) [potion of mutation]
  7042 | D:7      | Gained mutation: Your large and strong wings let you fly indefinitely. [potion of mutation]
  7070 | D:7      | Got a pair of slimy boots
  7076 | D:7      | Identified the +1 pair of boots of the Big Bang {rN+} (You found it on level 7 of the Dungeon)
  7077 | D:7      | Identified the ring of Maur Aviuh {rPois MR++ Str+4 Int+3} (You took it off an orc warrior on level 6 of the Dungeon)
  7099 | D:7      | Found a sparkling altar of Nemelex Xobeh.
  7428 | D:7      | Identified a +0 rod of shadows (12/12) (You found it on level 7 of the Dungeon)
  7848 | D:8      | Found a staircase to the Lair.
  8300 | D:8      | Identified a scroll of acquirement
  8301 | D:8      | Got a bone rapier
  8302 | D:8      | Identified the +6 rapier of Eternal Night {pierce, rN+ Dex-4 SInv Stlth+} (You acquired it on level 8 of the Dungeon)
  8601 | D:8      | Found a shimmering altar of Xom.
  8601 | D:8      | Found a burning altar of Makhleb.
  8748 | D:8      | Became a worshipper of Makhleb the Destroyer
  9044 | D:8      | Noticed Prince Ribbit
  9050 | D:8      | Killed Prince Ribbit
  9209 | D:8      | Found a deep blue altar of Sif Muna.
  9256 | Lair:1   | Entered Level 1 of the Lair of Beasts
  9314 | Lair:1   | Reached skill level 10 in Shields
  9518 | Lair:1   | Reached XP level 11. HP: 57/67 MP: 11/11
  9539 | Lair:1   | Reached * piety under Makhleb
  9868 | Lair:1   | Noticed a seven-headed hydra
  9881 | Lair:1   | Killed a seven-headed hydra
  9881 | Lair:1   | Reached skill level 10 in Short Blades
  9924 | Lair:1   | Noticed Sonja
  9945 | Lair:1   | HP: 3/67 [Sonja/uncursed short sword of distortion (7)]
  9946 | Lair:1   | HP: 1/67 [Sonja/uncursed short sword of distortion (3)]
  9955 | Lair:1   | Cast into level 1 of the Abyss (Sonja)
 10052 | Abyss:1  | Noticed a large abomination
 10059 | Abyss:1  | Killed a large abomination
 10102 | Abyss:1  | Noticed a tentacled starspawn
 10105 | Abyss:1  | Noticed a white draconian zealot
 10110 | Abyss:1  | Slain by an efreet

Vault maps used:
D:1:      minmay_arrival_glassed_features, serial_corexii_hall,
          corexii_hall_statues_x, corexii_hall_statues_x, corexii_hall_statues_l
D:2:      chequers_temple_overflow_minitemple
D:3:      kiku_gazebo_pond_becter, ecumenical_altar_2, minmay_vboxes,
          uniq_sigmund
D:4:      elyvilon_altar_4, enter_ossuary_2, kennysheep_big_empty_room,
          uniq_pikel
D:5:      first_bread
D:7:      nemelex_xobeh_ov_fountains_minmay
D:8:      grunt_temple_overflow_champion_of_chaos, lemuel_blue_sif_altar,
          lair_0_dummy, lemuel_old_faithful, uniq_prince_ribbit1
Temple:   nicolae_temple_figure_zero
Lair:1:   uniq_sonja
Ossuary:  ossuary_minmay_scorpions

Skill      XL: |  1  2  3  4  5  6  7  8  9 10 11 |
---------------+----------------------------------+-----
Short Blades   | 2 3 4 5 6 8 9 10 | 10.0
Shields        | 4 5 6 7 8 10 | 10.5
Fighting       | 4 5 7 |  7.6
Armour         | 4 6 7 8 |  8.4
Dodging        | 1 2 |  2.7
Stealth        | |  0.8

Action                   |  1- 3 |  4- 6 |  7- 9 | 10-12 || total
-------------------------+-------+-------+-------+-------++-------
Melee: Rapier            |   113 |   195 |   712 |   493 ||  1513
  Use: Potion            |     4 |     4 |     8 |     7 ||    23
       Scroll            |     3 |     3 |     6 |     5 ||    17
 Stab: Invisible         |     1 |       |       |       ||     1
  Eat: Chunk             |     2 |     4 |    20 |    11 ||    37
       Bread ration      |       |       |     1 |       ||     1
       Royal jelly       |       |       |     1 |       ||     1
Armor: Scale mail        |    21 |       |       |       ||    21
       Chain mail        |    61 |   104 |   381 |   249 ||   795
Dodge: Dodged            |    35 |    38 |   145 |   117 ||   335
Block: Shield            |    52 |   108 |   411 |   292 ||   863
